 Dungeon Crawl Stone Soup version 0.27-a0-1456-gf5a116941d (webtiles) character file.

Game seed: 6695358416705722797

1783 robertstho the Thaumaturge (level 8, -16/41 HPs)
             Began as a Deep Elf Fire Elementalist on July 6, 2021.
             Was an Initiate of Sif Muna.
             Demolished by Maggie (17 damage)
             ... on level 6 of the Dungeon.
             The game lasted 00:14:44 (8698 turns).

robertstho the Thaumaturge (DEFE)                   Turns: 8698, Time: 00:14:45

Health: -16/41     AC:  4    Str:  9 (11) XL:     8   Next: 81%
Magic:  12/22      EV: 13    Int: 23      God:    Sif Muna [......]
Gold:   286        SH:  0    Dex: 12 (15) Spells: 9/24 levels left

rFire    . . .     SeeInvis .   b - +4 hand axe (flame)
rCold    . . .     Faith    .   (no shield)
rNeg     . . .     Spirit   .   a - +0 robe
rPois    .         Reflect  .   (no helmet)
rElec    .         Harm     .   (no cloak)
rCorr    .         Rampage  .   j - +0 pair of gloves
Will     +....                  p - +0 pair of boots
Stlth    ++........             (no amulet)
HPRegen  0.13/turn              g - +6 ring of strength
MPRegen  0.18/turn              d - ring of willpower

@: about to teleport, mesmerised, hasted, very quick
A: no striking features
a: Renounce Religion


You were on level 6 of the Dungeon.
You worshipped Sif Muna.
Sif Muna was noncommittal.
You visited 2 branches of the dungeon, and saw 7 of its levels.
You also visited: Sewer.

You collected 286 gold pieces.

Inventory:

Hand Weapons
 b - a +4 hand axe of flaming (weapon)
Missiles
 k - 2 atropa-tipped darts
Armour
 a - a +0 robe (worn)
 j - a +0 pair of gloves (worn)
 p - a +0 pair of boots (worn)
Jewellery
 d - a ring of willpower (right hand)
 g - a +6 ring of strength (left hand)
Wands
 h - a wand of polymorph (3)
 q - a wand of flame (15)
Scrolls
 e - 3 scrolls of teleportation
 i - 2 scrolls of amnesia {unknown}
 m - 2 scrolls of magic mapping
 o - a scroll of enchant armour
Potions
 c - a potion of mutation


   Skills:
 + Level 0.1 Fighting
 + Level 1.2 Axes
 * Level 5.1 Dodging
 + Level 3.0 Stealth
 * Level 8.9 Spellcasting
 * Level 6.8 Conjurations
 + Level 6.2 Fire Magic
 * Level 2.1 Invocations


You had 9 spell levels left.
You knew the following spells:

 Your Spells              Type           Power      Damage    Failure   Level
a - Foxfire               Conj/Fire      100%       2x1d9     1%          1
b - Conjure Flame         Conj/Fire      40%        6-21      1%          3
c - Sticky Flame          Conj/Fire      40%        2d6       4%          4
d - Fireball              Conj/Fire      20%        3d10      12%         5
e - Sublimation of Blood  Necr           5%         N/A       10%         2

Your spell library contained the following spells:

 Spells                   Type           Power      Damage    Failure   Level
 Inner Flame              Hex/Fire       24%        N/A       5%          3
 Wereblood                Tmut           10%        N/A       10%         2
 Irradiate                Conj/Tmut      13%        3d18      38%         5
 Petrify                  Tmut/Erth      10%        N/A       54%         4
 Summon Hydra             Summ           5%         N/A       100%        7


Dungeon Overview and Level Annotations

Branches:
Dungeon (6/15)             Temple (1/1) D:4           Sewer (visited)

Altars:
Ashenzari
Cheibriados
Dithmenos
Elyvilon
Fedhas
Gozag
Nemelex Xobeh
Qazlal
Ru
Sif Muna
Trog
Uskayaw
Vehumet
Wu Jian
Xom
Yredelemnul
Zin
The Shining One

Annotations:
D:2 1 runed translucent door, Crazy Yiuf
D:3 Robin
D:6 Dowan, Duvessa, Maggie


Message History

Aiming: Sticky Flame (dangerous; 4% risk of failure)
Press: ? - help, Shift-Dir - straight line, f - Maggie
Aim: Maggie, wielding a +2 broad axe of flaming and wearing +0 acid dragon scales (lightly wounded, ally target, 100% to hit)
The sticky flame hits Maggie.
Maggie is lightly wounded.
Maggie is covered in liquid flames!
Maggie burns!
The foxfire hits Maggie but does no damage.
Maggie is moderately wounded.
The foxfire hits Maggie but does no damage.
Maggie is moderately wounded.
The foxfire hits Maggie.
Maggie is moderately wounded.
Maggie hits you with a +2 broad axe of flaming!
Maggie burns you!
Maggie burns!
Maggie casts a spell.
Maggie attempts to bespell you! You resist with almost no effort.
Maggie burns!
Maggie burns!
Maggie mutters to herself, "Master Lance won't take me back.
This is the way forward."
Maggie mumbles some strange words.
Maggie attempts to bespell you!
You are mesmerised by Maggie!
You cannot move away from Maggie!
Okay, then.
As you read the scroll of teleportation, it crumbles to dust.
You feel strangely unstable.
Maggie burns!
Maggie stops burning.
Casting: Sticky Flame (dangerous; 4% risk of failure)
Confirm with . or Enter, or press ? or * to list all spells.
You draw magical energy from your own body!
Unknown command.
Casting: Sublimation of Blood (safe; 10% risk of failure)
Confirm with . or Enter, or press ? or * to list all spells.
The spell is quite dangerous to cast (12% risk of failure)!
Continue anyway? [Y]es or [N]o only, please.
The spell is quite dangerous to cast (12% risk of failure)!
Continue anyway?
Okay, then.
It was a potion of haste.
You feel yourself speed up.
Maggie hits you with a +2 broad axe of flaming!
You die...

##.....##..#
##..>..#..# ##......##
##.....# .. ###...##
.....## ##..#.#
.......)####...###
.....##)........### #
.....###...@@....####
.
#.....#..####......###
##. #.......##
###......### #..
#.......##
####.....###.#
##.......##
###.......#
#...###..### ###....##
##..## ##...## ###.##
##..## ###..## #)#
#...# ##..### #.#


You could see Maggie (mesmerising).

Vanquished Creatures
  Sigmund (D:5)
  A wyvern (D:5)
  An orc warrior (D:6)
  2 black bears
  A sky beast (D:6)
  7 scorpions
  4 wights (D:4)
  2 hounds
  An orc priest (D:6)
  A centaur skeleton (D:5)
  Terence (D:3)
  2 iguanas
  3 orc wizards (D:6)
  A howler monkey zombie (D:5)
  7 gnolls
  11 adders
  A shadow imp (D:6)
  An adder zombie (D:5)
  2 worms
  A dart slug (D:4)
  5 orcs
  3 endoplasms
  5 giant cockroaches
  13 goblins
  7 hobgoblins
  10 jackals
  4 quokkas
  9 ball pythons
  10 bats
  3 frilled lizards
  14 kobolds
  5 rats
139 creatures vanquished.

Vanquished Creatures (collateral kills)
  25 foxfires
25 creatures vanquished.

Vanquished Creatures (others)
  573 foxfires
  3 fungi (D:5)
  10 plants
586 creatures vanquished.

Grand Total: 750 creatures vanquished

Notes
Turn   | Place    | Note
-------+----------+-------------------------------------------
     0 | D:1      | robertstho the Deep Elf Fire Elementalist began the quest
                  | for the Orb.
     0 | D:1      | Reached XP level 1. HP: 10/10 MP: 6/6
   425 | D:1      | Reached XP level 2. HP: 15/15 MP: 5/8
  1299 | D:2      | Reached XP level 3. HP: 19/19 MP: 5/10
  1445 | D:2      | Reached skill level 4 in Spellcasting
  1535 | D:2      | Found a runed translucent door.
  1536 | D:2      | Noticed Crazy Yiuf
  1799 | D:2      | Reached XP level 4. HP: 24/24 MP: 8/12
  2602 | D:2      | Learned a level 3 spell: Conjure Flame
  2607 | D:2      | Learned a level 4 spell: Sticky Flame
  2679 | D:3      | Noticed Robin
  3077 | D:3      | Reached skill level 5 in Spellcasting
  3080 | D:3      | Reached XP level 5. HP: 28/28 MP: 3/14
  3223 | D:3      | Found a glowing drain.
  3242 | Sewer    | Entered a sewer
  3681 | Sewer    | Reached skill level 6 in Spellcasting
  4253 | D:3      | Noticed Terence
  4279 | D:3      | Killed Terence
  4280 | D:3      | Reached XP level 6. HP: 13/32 MP: 5/17
  5146 | D:4      | Reached skill level 7 in Spellcasting
  5180 | D:4      | Reached XP level 7. HP: 16/36 MP: 3/19
  5593 | D:4      | Found a sacrificial altar of Ru.
  5654 | D:4      | Found a staircase to the Ecumenical Temple.
  5671 | Temple   | Entered the Ecumenical Temple
  5697 | Temple   | Became a worshipper of Sif Muna the Loreminder
  6012 | D:5      | Entered Level 5 of the Dungeon
  6124 | D:5      | Reached skill level 5 in Fire Magic
  6421 | D:5      | Noticed a wyvern
  6452 | D:5      | Killed a wyvern
  6453 | D:5      | Reached skill level 8 in Spellcasting
  6453 | D:5      | Reached skill level 1 in Invocations
  6593 | D:5      | Found a basalt altar of Yredelemnul.
  6725 | D:5      | Reached skill level 5 in Conjurations
  6951 | D:5      | Learned a level 5 spell: Fireball
  6954 | D:5      | Learned a level 2 spell: Sublimation of Blood
  7010 | D:5      | Reached XP level 8. HP: 41/41 MP: 15/22
  7500 | D:5      | Noticed Sigmund
  7507 | D:5      | Killed Sigmund
  7761 | D:5      | Reached skill level 1 in Axes
  7928 | D:5      | Found the +7 Singing Sword {vorpal, sonic wave}
  8074 | D:6      | Noticed Dowan
  8075 | D:6      | Noticed Duvessa
  8473 | D:6      | Reached skill level 5 in Dodging
  8683 | D:6      | Noticed Maggie
  8698 | D:6      | Demolished by Maggie

Illustrated notes

Levels and vault maps discovered:
D:1:      nzn_arrival_depleted_hourglass, layout_loops_ring
D:2:      layout_loops_corners, uniq_crazy_yiuf_cottage
D:3:      layout_basic, portal_sewer_entry_a, dk_noncrumbling_3, uniq_robin,
          uniq_terence
D:4:      layout_rooms, kennysheep_mini, minmay_temple_entry_enclosed_plants,
          serial_glass, glass_columns_b, glass_columns_a, glass_columns_b,
          glass_columns_a, glass_columns_c, glass_columns_a, glass_columns_b,
          glass_columns_b, glass_columns_a, glass_columns_b, glass_columns_a,
          glass_columns_b, glass_columns_a, glass_columns_a
D:5:      old_forge, layout_basic, lemuel_round_altar, uniq_sigmund
D:6:      layout_cave_pods, serial_shops, shop, st_stairs_8, uniq_maggie,
          uniq_duvessa
Temple:   lightli_temple_of_artemis

Skill      XL: |  1  2  3  4  5  6  7  8 |
---------------+-------------------------+-----
Conjurations   | 2 3 5 6 |  6.8
Spellcasting   | 4 5 6 7 8 |  8.9
Fire Magic     | 4 5 6 |  6.2
Dodging        | 3 4 5 |  5.1
Invocations    | 1 2 |  2.1
Stealth        | 3 |  3.0
Axes           | 1 |  1.2
Fighting       | |  0.1

Action                   |  1- 3 |  4- 6 |  7- 9 || total
-------------------------+-------+-------+-------++-------
Melee: Hand axe          |     2 |     1 |     6 ||     9
 Cast: Foxfire           |    65 |   173 |   139 ||   377
       Sticky Flame      |       |     3 |    17 ||    20
       Conjure Flame     |       |     1 |       ||     1
       Fireball          |       |       |     1 ||     1
       Sublimation of Bl |       |       |     1 ||     1
  Use: Scroll            |       |     4 |     2 ||     6
       Potion            |       |       |     8 ||     8
 Stab: Sleeping          |       |       |     1 ||     1
Armor: Robe              |     2 |     3 |     6 ||    11
Dodge: Dodged            |     8 |    24 |    19 ||    51

Table legend: (Time is in decaauts)
 A = Elapsed time spent in this place.
 B = Non-inter-level travel time spent in this place.
 C = Inter-level travel time spent in this place.
 D = Time resting spent in this place.
 E = Time spent auto-exploring this place.
 F = Levels seen in this place.
 G = Mean time per level.
                   A        B        C        D        E       F      G
               +--------+--------+--------+--------+--------+-----+--------+
         Total |   8845 |   8297 |    548 |    829 |   6479 |   8 | 1105.6 |
       Dungeon |   7814 |   7293 |    521 |    829 |   5613 |   6 | 1302.3 |
        Temple |     52 |     26 |     26 |      0 |      0 |   1 |   52.0 |
         Sewer |    978 |    978 |      0 |      0 |    866 |   1 |  978.0 |
               +--------+--------+--------+--------+--------+-----+--------+

Top non-repeatable levels by time:
     D:5: 2288 daAuts
     D:2: 1901 daAuts
     D:3: 1335 daAuts
     D:1: 990 daAuts
   Sewer: 978 daAuts
     D:4: 899 daAuts
     D:6: 399 daAuts
  Temple: 52 daAuts
